 Dungeon Crawl Stone Soup version 0.31-a0-986-g5e6e4ef867 (webtiles) character file.

Game seed: 587708263024302413

196 grandjackal the Slasher (level 5, 0/61 HPs)
             Began as a Demonspawn Gladiator on Nov 20, 2023.
             Succumbed to a scorpion's poison
             ... on level 4 of the Dungeon.
             The game lasted 00:03:38 (2175 turns).

grandjackal the Slasher (Demonspawn Gladiator)      Turns: 2175, Time: 00:03:42

Health: 0/61       AC: 22    Str: 13 (16) XL:     5   Next: 45%
Magic:  5/5        EV:  2    Int:  8 (9)  God:
Gold:   187        SH:  0    Dex: 14 (17) Spells: 4/4 levels left

rFire   . . .        u - +0 dagger (venom)
rCold   + . .        (no shield)
rNeg    . . .        r - melded +1 robe of a Gauntlet {rCorr MP+9 Str-2 Int+4}
rPois   +            c - melded +0 helmet
rElec   .            (cloak currently unavailable)
rCorr   .            (gloves currently unavailable)
SInv    .            (boots currently unavailable)
Will    +....        (no amulet)
Stlth   +++          x - ring of protection from cold
HPRegen 0.30/turn    f - ring of willpower
MPRegen 0.09/turn

%: no passive effects
@: lethally poisoned (0 -> -4), tree-form, hasted, very quick
A: stationary, stasis, torment immunity, boosted hp, thin skeletal structure 1,
powered by pain 1, (demonic touch 1), (fire resistance 1), inability to read
after injury 1, MP-powered wands
a: no special abilities


You were on level 4 of the Dungeon.
You were a tree.
You visited 1 branch of the dungeon, and saw 4 of its levels.

You collected 187 gold pieces.

Inventory:

Hand Weapons
 a - a +0 long sword
 u - a +0 dagger of venom (weapon)
Missiles
 d - 3 throwing nets (quivered)
 e - a javelin
 p - 9 boomerangs
Armour
 b - a +0 leather armour
 c - a +0 helmet (melded)
 r - the +1 robe of a Gauntlet (melded) {rCorr MP+9 Str-2 Int+4}
   (You found it on level 2 of the Dungeon)

   Str-2:     It affects your strength (-2).
   Int+4:     It affects your intelligence (+4).
   MP+9:      It affects your magic capacity (+9).
   rCorr:     It protects you from acid and corrosion.
Jewellery
 f - a ring of willpower (right branch)
 t - a ring of flight
 x - a ring of protection from cold (left branch)
Scrolls
 g - 2 scrolls of enchant weapon {unknown}
 i - 3 scrolls of enchant armour {unknown}
 k - 3 scrolls of identify {unknown}
 l - a scroll of vulnerability {unknown}
 m - a scroll of fog {unknown}
 o - 2 scrolls of noise {unknown}
 q - a scroll of torment {unknown}
 v - a scroll of blinking {unknown}
 w - 2 scrolls of teleportation {unknown}
 y - a scroll of fear {unknown}


   Skills:
 + Level 3.4 Fighting
 + Level 3.6 Long Blades
 - Level 2.0 Throwing
 + Level 1.8 Armour
 - Level 3.0 Dodging
 + Level 1.9 Stealth


You had 4 spell levels left.
You didn't know any spells.
Your spell library contained the following spells:

 Spells                   Type           Power      Damage    Failure   Level
 Necrotise                Necr           0%         1d4       41%         1
 Lesser Beckoning         Tloc           0%         N/A       54%         2
 Gell's Gravitas          Tloc           0%         N/A       78%         3
 Teleport Other           Tloc           0%         N/A       78%         3
 Vampiric Draining        Necr           0%         2d6       78%         3
 Agony                    Necr           0%         N/A       100%        5


Dungeon Overview and Level Annotations

Branches:
Dungeon (4/15)
 Temple: D:4-7

Altars:
Cheibriados

Shops:
D:1 :=


Innate Abilities, Weirdness & Mutations

You are a tree.
Your roots penetrate the ground, keeping you stationary.
You cannot be teleported.
You are immune to unholy pain and torment.
Your maximum health is greatly increased.
Your equipment is partially melded.
You have a somewhat thin skeletal structure. (Dex +2, Stealth+)
You sometimes gain a little power by taking damage.
((Your touch may inflict minor irresistible damage on your foes.))
((Your flesh is heat resistant. (rF+)))
You occasionally lose the ability to read scrolls when taking damage.
You expend magic power (3 MP) to strengthen your wands.


Message History

The scorpion is heavily wounded.
You feel very sick.
The scorpion stings you but does no damage.
You are too injured to fight recklessly!
You feel very sick.
You kill the scorpion!
You have reached level 5!
* * * LOW HITPOINT WARNING * * *
You feel very sick.
It was a potion of mutation.
You feel extremely strange.
Your body twists and deforms.
You feel insulated.
You feel weirdly uncertain.
* * * LOW HITPOINT WARNING * * *
You feel very sick.
It was a potion of lignification.
You turn into a tree.
Your +0 helmet melds into your body.
The +1 robe of a Gauntlet {rCorr MP+9 Str-2 Int+4} melds into your body.
You feel your magic capacity decrease.
Your roots penetrate the ground.
* * * LOW HITPOINT WARNING * * *
You feel very sick.
It was a potion of haste.
You feel yourself speed up.
* * * LOW HITPOINT WARNING * * *
You feel sick.
It was a potion of degeneration.
There was something very wrong with that liquid.
You feel weakened.
You feel dopey.
You feel clumsy.
* * * LOW HITPOINT WARNING * * *
You feel sick.
You feel extremely strange.
Your body's shape seems more normal.
You feel stable.
You feel conductive.
You feel resistant to cold.
You feel less encumbered by your armour.
* * * LOW HITPOINT WARNING * * *
You feel sick.
You feel extremely strange.
You feel more encumbered by your armour.
You no longer feel cold resistant.
You feel your magical essence link to the dungeon's wands.
You occasionally lose the ability to read scrolls when taking damage.
You feel resistant to heat.
You die...

#<..##.#
#......#
#.#...## ..
#.#..)## #.
#.##...# ..
#.##.#.# #.
..##.#... .
#.######.#####
...###.#.♣.....#
.#.....#.###...#
.........# #...#
...........#...#
.........#.#...#
#.......##.#...#
#..$....# #...#
#.......# #####
#.......#


There were no monsters in sight!

Vanquished Creatures
  A scorpion (D:4)
  An iron imp (D:3)
  Jessica (D:3)
  Terence (D:3)
  A worm (D:2)
  3 orcs
  3 ball pythons
  5 bats
  4 endoplasms (D:1)
  2 giant cockroaches (D:1)
  2 goblins
  7 hobgoblins
  4 quokkas
  3 frilled lizards
  2 kobolds
  7 rats
47 creatures vanquished.

Notes
Turn   | Place    | Note
-------+----------+-------------------------------------------
     0 | D:1      | grandjackal the Demonspawn Gladiator began the quest for
                  | the Orb.
     0 | D:1      | Reached XP level 1. HP: 16/16 MP: 1/1
    77 | D:1      | Found Athrig's Book Emporium.
   250 | D:1      | Gained mutation: Your touch may inflict minor irresistible
                  | damage on your foes. [demonic ancestry]
   250 | D:1      | Reached XP level 2. HP: 20/22 MP: 2/2
   364 | D:1      | Found a faded altar of an unknown god.
   437 | D:1      | Found Hysaty's Jewellery Shop.
   851 | D:2      | Gained mutation: You have a somewhat thin skeletal
                  | structure. (Dex +2, Stealth+) [demonic ancestry]
   851 | D:2      | Reached XP level 3. HP: 28/28 MP: 3/3
   936 | D:2      | Identified the +1 robe of a Gauntlet {rCorr MP+9 Str-2
                  | Int+4}
  1519 | D:3      | Noticed Jessica
  1523 | D:3      | Killed Jessica
  1524 | D:3      | Reached skill level 1 in Armour
  1524 | D:3      | Gained mutation: You sometimes gain a little power by
                  | taking damage. [demonic ancestry]
  1524 | D:3      | Reached XP level 4. HP: 34/34 MP: 4/4
  1830 | D:3      | Noticed Terence
  1843 | D:3      | Killed Terence
  1844 | D:3      | Reached skill level 1 in Stealth
  2052 | D:3      | Found a snail-covered altar of Cheibriados.
  2164 | D:4      | Noticed a scorpion
  2168 | D:4      | Killed a scorpion
  2169 | D:4      | Reached XP level 5. HP: 13/41 MP: 5/5
  2170 | D:4      | Gained mutation: Armour fits poorly on your strangely
                  | shaped body. [potion of mutation]
  2170 | D:4      | Gained mutation: You are resistant to electric shocks.
                  | (rElec) [potion of mutation]
  2170 | D:4      | Gained mutation: You are occasionally teleported next to
                  | monsters. [potion of mutation]
  2172 | D:4      | HP: 3/61 [poisoned by a scorpion]
  2174 | D:4      | Lost mutation: Armour fits poorly on your strangely shaped
                  | body. [potion of mutation]
  2174 | D:4      | Lost mutation: You are occasionally teleported next to
                  | monsters. [potion of mutation]
  2174 | D:4      | Lost mutation: You are resistant to electric shocks.
                  | (rElec) [potion of mutation]
  2174 | D:4      | Gained mutation: Your flesh is cold resistant. (rC+)
                  | [potion of mutation]
  2174 | D:4      | Gained mutation: Your movements are slightly less
                  | encumbered by armour. (ER -2) [potion of mutation]
  2174 | D:4      | HP: 1/61 [poisoned by a scorpion]
  2175 | D:4      | Lost mutation: Your movements are slightly less encumbered
                  | by armour. (ER -2) [potion of mutation]
  2175 | D:4      | Lost mutation: Your flesh is cold resistant. (rC+) [potion
                  | of mutation]
  2175 | D:4      | Gained mutation: You expend magic power (3 MP) to
                  | strengthen your wands. [potion of mutation]
  2175 | D:4      | Gained mutation: You occasionally lose the ability to read
                  | scrolls when taking damage. [potion of mutation]
  2175 | D:4      | Gained mutation: Your flesh is heat resistant. (rF+)
                  | [potion of mutation]
  2175 | D:4      | Succumbed to a scorpion's poison

Illustrated notes

Levels and vault maps discovered:
D:1:      lemuel_arrival_cross, layout_basic, serial_shops, shop, shop,
          hellmonk_ecumenical_altar_slurped_away, nicolae_titane
D:2:      layout_loops_cross, serial_park_tiny_2, chequers_serial_rivers_micro_c
D:3:      layout_basic, chei_slow_surprise, minmay_fractal_squares_gapless_5,
          uniq_terence, uniq_jessica
D:4:      layout_basic, lemuel_blue_sif_altar, xom_butterflies,
          minmay_temple_entry_proselytizer, uniq_ijyb

Skill      XL: |  1  2  3  4 |
---------------+-------------+-----
Throwing       | 2 |  2.0
Long Blades    | 3 |  3.6
Dodging        | 3 |  3.0
Armour         | 1 |  1.8
Fighting       | 3 |  3.4
Stealth        | 1 |  1.9

Action                     |  1- 3 |  4- 6 || total
---------------------------+-------+-------++-------
  Melee: Long sword        |    91 |    17 ||   108
         Touch             |     7 |     3 ||    10
         Dagger            |       |    10 ||    10
    Use: Potion            |       |     6 ||     6
   Stab: Sleeping          |     4 |     6 ||    10
 Armour: Leather armour    |    48 |       ||    48
         Robe              |    11 |    14 ||    25
  Dodge: Dodged            |    56 |    12 ||    68

Table legend: (Time is in decaauts)
 A = Elapsed time spent in this place.
 B = Non-inter-level travel time spent in this place.
 C = Inter-level travel time spent in this place.
 D = Time resting spent in this place.
 E = Time spent auto-exploring this place.
 F = Levels seen in this place.
 G = Mean time per level.
                   A        B        C        D        E       F      G
               +--------+--------+--------+--------+--------+-----+--------+
         Total |   2197 |   2144 |     53 |     45 |   1688 |   4 |  549.2 |
       Dungeon |   2197 |   2144 |     53 |     45 |   1688 |   4 |  549.2 |
               +--------+--------+--------+--------+--------+-----+--------+

Top non-repeatable levels by time:
     D:2: 774 daAuts
     D:1: 767 daAuts
     D:3: 626 daAuts
     D:4: 28 daAuts
